Workbook

Sheet Scenarios
B1: Love Triangle Scenarios for Dollar General | J1: Model Assumptions
E3: =L19 -> 0.4 | F3: =_xll.PTreeNodeProbability(treeCalc_2!$F$2,6) -> 0.24 | J3: FD Standalone val | L3: 8.5
E4: =L3+L7+M7 -> 31.960493 | F4: =_xll.PTreeNodeValue(treeCalc_2!$F$2,6) -> 22.860493 | J4: DG Bid | L4: 9.1
D5: =L18 -> 0.6 | E5: DG Value Created? | L5: NPV of | N5: Annual Synergies | P5: Future Cash Flows From Synergies
D6: 0 | E6: =_xll.PTreeNodeValue(treeCalc_2!$F$2,4) -> 7.8502957 | L6: Synergies | N6: Revenue | O6: Margin | P6: 2015 | Q6: =P6+1 -> 2016 | R6: =Q6+1 -> 2017 | S6: =R6+1 -> 2018 | T6: =S6+1 -> 2019 | U6: Terminal | V6: NPV
E7: =1-E3 -> 0.6 | F7: =_xll.PTreeNodeProbability(treeCalc_2!$F$2,7) -> 0.36 | J7: DG Synergies (H) | L7: =V7 -> 23.460493 | N7: 2.1 | O7: 0.6 | P7: 0 | Q7: =T7/5+P7 -> 0.54 | R7: =$T7/5+SUM($P7:Q7) -> 1.08 | S7: =$T7/5+SUM($P7:R7) -> 2.16 | T7: =O7+N7 -> 2.7 | U7: =T7/($L$14-$L$15) -> 33.75 | V7: =NPV($L$14,P7:U7) -> 23.460493
E8: =L3+L8+M8 -> 6.9434977 | F8: =_xll.PTreeNodeValue(treeCalc_2!$F$2,7) -> -2.1565023 | J8: DG Synergies (L) | L8: =V8 -> -1.5565023 | N8: -0.5 | O8: -0.25 | P8: =O8+N8 -> -0.75 | Q8: =3*($P8/4) -> -0.5625 | R8: =2*($P8/4) -> -0.375 | S8: =1*($P8/4) -> -0.1875 | T8: 0 | U8: =T8/($L$14-$L$15) -> 0 | V8: =NPV($L$14,P8:U8) -> -1.5565023
C9: =_xll.PTreeNodeDecision(treeCalc_2!$F$2,2) -> TRUE | D9: Will it close? | J9: DT Synergies (H) | L9: =V9 -> 4.5808784 | N9: 0.2272 | O9: 0.3 | P9: 0 | Q9: =T9/5+P9 -> 0.10544 | R9: =$T9/5+SUM($P9:Q9) -> 0.21088 | S9: =$T9/5+SUM($P9:R9) -> 0.42176 | T9: =O9+N9 -> 0.5272 | U9: =T9/($L$14-$L$15) -> 6.59 | V9: =NPV($L$14,P9:U9) -> 4.5808784
C10: -9.1 | D10: =_xll.PTreeNodeValue(treeCalc_2!$F$2,2) -> 0.98514039 | J10: DT Synergies (L) | L10: =V10 -> -1.5565023 | N10: -0.5 | O10: -0.25 | P10: =O10+N10 -> -0.75 | Q10: =3*($P10/4) -> -0.5625 | R10: =2*($P10/4) -> -0.375 | S10: =1*($P10/4) -> -0.1875 | T10: 0 | U10: =T10/($L$14-$L$15) -> 0 | V10: =NPV($L$14,P10:U10) -> -1.5565023
E11: =L20 -> 0.6 | F11: =_xll.PTreeNodeProbability(treeCalc_2!$F$2,8) -> 0.24
E12: =D20 -> -0.45808784 | F12: =_xll.PTreeNodeValue(treeCalc_2!$F$2,8) -> -9.5580878
D13: =1-D5 -> 0.4 | E13: Rival (DT) Val Created? | J13: Cost of Strong rival | L13: 0.1 | M13: of their gains in the deal
D14: 0 | E14: =_xll.PTreeNodeValue(treeCalc_2!$F$2,5) -> -9.3125926 | J14: Discount rate | L14: 0.1
E15: =1-E11 -> 0.4 | F15: =_xll.PTreeNodeProbability(treeCalc_2!$F$2,9) -> 0.16 | J15: Terminal Growth rate | L15: 0.02
E16: =D24 -> 0.15565023 | F16: =_xll.PTreeNodeValue(treeCalc_2!$F$2,9) -> -8.9443498
C17: =IF(C18=D10,"Go Hostile!", "Lay Low") -> Go Hostile! | J17: Probabilities:
C18: =_xll.PTreeNodeValue(treeCalc_2!$F$2,1) -> 0.98514039 | J18: P(Deal Closes) | L18: 0.6
D19: =L20 -> 0.6 | E19: =_xll.PTreeNodeProbability(treeCalc_2!$F$2,10) -> 0 | J19: P(DG creates value) | L19: 0.4
D20: =-L13*(L9+M9) -> -0.45808784 | E20: =_xll.PTreeNodeValue(treeCalc_2!$F$2,10) -> -0.45808784 | J20: P(DT creates value) | L20: 0.6
C21: =_xll.PTreeNodeDecision(treeCalc_2!$F$2,3) -> FALSE | D21: Rival (DT) Val Created?
C22: 0 | D22: =_xll.PTreeNodeValue(treeCalc_2!$F$2,3) -> -0.21259261
D23: =1-D19 -> 0.4 | E23: =_xll.PTreeNodeProbability(treeCalc_2!$F$2,11) -> 0
D24: =-L13*(+L10+M10) -> 0.15565023 | E24: =_xll.PTreeNodeValue(treeCalc_2!$F$2,11) -> 0.15565023
H59: Base Case -- Dropped Signal (Stand Alone value excluding cash assets, Android profit assumes Apple wins, partners stay)
H61: Assumptions:
H62: Motorola Gross Profit Margin (2010) | L62: =N$48 -> 0 | N62: Base margin from Motorola's prior performance
G63: * | H63: Motorola gross margin (Google's target) | L63: =P$36 -> 0 | M63: =L63-L62 -> 0 | N63: Gap (between Google's new target margin and prior performance)
G64: * | H64: Yr Google Hits Target Motorola Margin | L64: =P$37 -> 0 | M64: =L64-J$78 -> -2010 | N64: Years to reach target (straight-line improvement until goal is reached)
H65: Motorola revenue growth rate (2010) | L65: =N$49 -> 0 | N65: Base sales growth rate from Motorola's prior performance
G66: * | H66: Motorola revenue growth (Google's target) | L66: =P$38 -> 0 | M66: =L66-L65 -> 0 | N66: Gap (between Google's new target revenue growth and prior performance)
G67: * | H67: Yr Motorola target revenue growth reached | L67: =P$39 -> 0 | M67: =L67-J$78 -> -2010 | N67: Years to reach target (straight-line improvement until goal is reached)
H68: Android ad revenue growth rate (2010) | L68: =N$50 -> 0
G69: * | H69: Android ad revenue growth (Google target) | L69: =Q$44 -> 0 | M69: =L69-L68 -> 0 | N69: Gap (between Google's projected revenue growth and prior performance)
G70: * | H70: Yr Android target growth reached | L70: =Q$45 -> 0 | M70: =L70-J$78 -> -2010 | N70: Years to reach target (straight-line improvement until goal is reached)
H71: Discount rate | L71: =S$48 -> 0
H72: Tax rate | L72: =S$49 -> 0
H73: Terminal growth rate | L73: =S$50 -> 0
H74: SG&A % of sales (2010) | L74: =N$51 -> 0
H75: *Key strategic parameters to adjust based on the scenario
J77: Actual | K77: Estimated ==>
J78: 2010 | K78: =J78+1 -> 2011 | L78: =K78+1 -> 2012 | M78: =L78+1 -> 2013 | N78: =M78+1 -> 2014 | O78: =N78+1 -> 2015 | P78: =O78+1 -> 2016 | Q78: =P78+1 -> 2017 | R78: =Q78+1 -> 2018 | ... T78: =S78+1 -> 2020 | U78: Terminal
H79: Revenue | J79: =[1]MMHistoricalFinancials!$B$3/1000 -> 11.46 | K79: =IF(K78<$L67+1,J79*(1+$M66/$M67+$L65),J79*(1+$L66)) -> 11.46 | L79: =IF(L78<$L67+1,K79*(1+(K79-J79)/J79+$M66/$M67),K79*(1+$L66)) -> 11.46 | M79: =IF(M78<$L67+1,L79*(1+(L79-K79)/K79+$M66/$M67),L79*(1+$L66)) -> 11.46 | N79: =IF(N78<$L67+1,M79*(1+(M79-L79)/L79+$M66/$M67),M79*(1+$L66)) -> 11.46 | O79: =IF(O78<$L67+1,N79*(1+(N79-M79)/M79+$M66/$M67),N79*(1+$L66)) -> 11.46 | P79: =IF(P78<$L67+1,O79*(1+(O79-N79)/N79+$M66/$M67),O79*(1+$L66)) -> 11.46 | Q79: =IF(Q78<$L67+1,P79*(1+(P79-O79)/O79+$M66/$M67),P79*(1+$L66)) -> 11.46 | R79: =IF(R78<$L67+1,Q79*(1+(Q79-P79)/P79+$M66/$M67),Q79*(1+$L66)) -> 11.46 | S79: =IF(S78<$L67+1,R79*(1+(R79-Q79)/Q79+$M66/$M67),R79*(1+$L66)) -> 11.46 | T79: =IF(T78<$L67+1,S79*(1+(S79-R79)/R79+$M66/$M67),S79*(1+$L66)) -> 11.46
H80: COGS | J80: =[1]MMHistoricalFinancials!$B$4/1000 -> 8.495 | K80: =K79-K81 -> 11.46 | L80: =L79-L81 -> 11.46 | M80: =M79-M81 -> 11.46 | N80: =N79-N81 -> 11.46 | O80: =O79-O81 -> 11.46 | P80: =P79-P81 -> 11.46 | Q80: =Q79-Q81 -> 11.46 | R80: =R79-R81 -> 11.46 | ... T80: =T79-T81 -> 11.46
H81: Gross Margin | J81: =J79-J80 -> 2.965 | K81: =IF(K78<$L67+1,K79*($M63/$M64+$L62),K79*$L63) -> 0 | L81: =IF(L78<$L67+1,L79*(K81/K79+$M63/$M64),L79*$L63) -> 0 | M81: =IF(M78<$L67+1,M79*(L81/L79+$M63/$M64),M79*$L63) -> 0 | N81: =IF(N78<$L67+1,N79*(M81/M79+$M63/$M64),N79*$L63) -> 0 | O81: =IF(O78<$L67+1,O79*(N81/N79+$M63/$M64),O79*$L63) -> 0 | P81: =IF(P78<$L67+1,P79*(O81/O79+$M63/$M64),P79*$L63) -> 0 | Q81: =IF(Q78<$L67+1,Q79*(P81/P79+$M63/$M64),Q79*$L63) -> 0 | R81: =IF(R78<$L67+1,R79*(Q81/Q79+$M63/$M64),R79*$L63) -> 0 | S81: =IF(S78<$L67+1,S79*(R81/R79+$M63/$M64),S79*$L63) -> 0 | T81: =IF(T78<$L67+1,T79*(S81/S79+$M63/$M64),T79*$L63) -> 0
H82: SG&A | J82: =[1]MMHistoricalFinancials!$B$7/1000 -> 1.592 | K82: =K79*$L74 -> 0 | L82: =L79*$L74 -> 0 | M82: =M79*$L74 -> 0 | N82: =N79*$L74 -> 0 | O82: =O79*$L74 -> 0 | P82: =P79*$L74 -> 0 | Q82: =Q79*$L74 -> 0 | R82: =R79*$L74 -> 0 | ... T82: =T79*$L74 -> 0
H83: Android Ad profit | J83: 0.278 | K83: =IF(K78<$L70+1,J83*(1+$M69/$M70+$L68),J83*(1+$L69)) -> 0.278 | L83: =IF(L78<$L70+1,K83*(1+$M69/$M70+$L68),K83*(1+$L69)) -> 0.278 | M83: =IF(M78<$L70+1,L83*(1+$M69/$M70+$L68),L83*(1+$L69)) -> 0.278 | N83: =IF(N78<$L70+1,M83*(1+$M69/$M70+$L68),M83*(1+$L69)) -> 0.278 | O83: =IF(O78<$L70+1,N83*(1+$M69/$M70+$L68),N83*(1+$L69)) -> 0.278 | P83: =IF(P78<$L70+1,O83*(1+$M69/$M70+$L68),O83*(1+$L69)) -> 0.278 | Q83: =IF(Q78<$L70+1,P83*(1+$M69/$M70+$L68),P83*(1+$L69)) -> 0.278 | R83: =IF(R78<$L70+1,Q83*(1+$M69/$M70+$L68),Q83*(1+$L69)) -> 0.278 | ... T83: =IF(T78<$L70+1,S83*(1+$M69/$M70+$L68),S83*(1+$L69)) -> 0.278
H84: Operating profit | J84: =J81-J82+J83 -> 1.651 | K84: =K81-K82+K83 -> 0.278 | L84: =L81-L82+L83 -> 0.278 | M84: =M81-M82+M83 -> 0.278 | N84: =N81-N82+N83 -> 0.278 | O84: =O81-O82+O83 -> 0.278 | P84: =P81-P82+P83 -> 0.278 | Q84: =Q81-Q82+Q83 -> 0.278 | ... T84: =T81-T82+T83 -> 0.278
H85: Taxes | J85: =J84*$L72 -> 0 | K85: =K84*$L72 -> 0 | L85: =L84*$L72 -> 0 | M85: =M84*$L72 -> 0 | N85: =N84*$L72 -> 0 | O85: =O84*$L72 -> 0 | P85: =P84*$L72 -> 0 | Q85: =Q84*$L72 -> 0 | ... T85: =T84*$L72 -> 0
H86: Profit After Tax | J86: =J84-J85 -> 1.651 | K86: =K84-K85 -> 0.278 | L86: =L84-L85 -> 0.278 | M86: =M84-M85 -> 0.278 | N86: =N84-N85 -> 0.278 | O86: =O84-O85 -> 0.278 | P86: =P84-P85 -> 0.278 | Q86: =Q84-Q85 -> 0.278 | ... T86: =T84-T85 -> 0.278
H87: Discounted Cash Flows | K87: =K86/(1+$L71)^(K78-2010) -> 0.278 | L87: =L86/(1+$L71)^(L78-2010) -> 0.278 | M87: =M86/(1+$L71)^(M78-2010) -> 0.278 | N87: =N86/(1+$L71)^(N78-2010) -> 0.278 | O87: =O86/(1+$L71)^(O78-2010) -> 0.278 | P87: =P86/(1+$L71)^(P78-2010) -> 0.278 | Q87: =Q86/(1+$L71)^(Q78-2010) -> 0.278 | R87: =R86/(1+$L71)^(R78-2010) -> 0.278 | ... T87: =T86/(1+$L71)^(T78-2010) -> 0.278 | U87: =T87/(L71-L73) -> #DIV/0!
H89: Net Present Value | J89: =SUM(J87:U87) -> #DIV/0!
H97: Scenario 1: Hello Moto (Apple loses in court, Google improves quality/share/margin, partners stay)
H99: Assumptions:
H100: Motorola Gross Profit Margin (2010) | L100: =N$48 -> 0 | N100: Base margin from Motorola's prior performance
G101: * | H101: Motorola gross margin (Google's target) | L101: =O$36 -> 0 | M101: =L101-L100 -> 0 | N101: Gap (between Google's new target margin and prior performance)
G102: * | H102: Yr Google Hits Target Motorola Margin | L102: =O$37 -> 0 | M102: =L102-J$116 -> -2010 | N102: Years to reach target (straight-line improvement until goal is reached)
H103: Motorola revenue growth rate (2010) | L103: =N$49 -> 0 | N103: Base sales growth rate from Motorola's prior performance
G104: * | H104: Motorola revenue growth (Google's target) | L104: =O$38 -> 0 | M104: =L104-L103 -> 0 | N104: Gap (between Google's new target revenue growth and prior performance)
G105: * | H105: Yr Motorola target revenue growth reached | L105: =O$39 -> 0 | M105: =L105-J$116 -> -2010 | N105: Years to reach target (straight-line improvement until goal is reached)
H106: Android ad revenue growth rate (2010) | L106: =N$50 -> 0
G107: * | H107: Android ad revenue growth (Google target) | L107: =O$44 -> 0 | M107: =L107-L106 -> 0 | N107: Gap (between Google's projected revenue growth and prior performance)
G108: * | H108: Yr Android target growth reached | L108: =O$45 -> 0 | M108: =L108-J$78 -> -2010 | N108: Years to reach target (straight-line improvement until goal is reached)
H109: Discount rate | L109: =S$48 -> 0
H110: Tax rate | L110: =S$49 -> 0
H111: Terminal growth rate | L111: =S$50 -> 0
H112: SG&A % of sales (2010) | L112: =N$51 -> 0
H113: *Key strategic parameters to adjust based on the scenario
J115: Actual | K115: Estimated ==>
J116: 2010 | K116: =J116+1 -> 2011 | L116: =K116+1 -> 2012 | M116: =L116+1 -> 2013 | N116: =M116+1 -> 2014 | O116: =N116+1 -> 2015 | P116: =O116+1 -> 2016 | Q116: =P116+1 -> 2017 | R116: =Q116+1 -> 2018 | ... T116: =S116+1 -> 2020 | U116: Terminal
H117: Revenue | J117: =[1]MMHistoricalFinancials!$B$3/1000 -> 11.46 | K117: =IF(K116<$L105+1,J117*(1+$M104/$M105+$L103),J117*(1+$L104)) -> 11.46 | L117: =IF(L116<$L105+1,K117*(1+(K117-J117)/J117+$M104/$M105),K117*(1+$L104)) -> 11.46 | M117: =IF(M116<$L105+1,L117*(1+(L117-K117)/K117+$M104/$M105),L117*(1+$L104)) -> 11.46 | N117: =IF(N116<$L105+1,M117*(1+(M117-L117)/L117+$M104/$M105),M117*(1+$L104)) -> 11.46 | O117: =IF(O116<$L105+1,N117*(1+(N117-M117)/M117+$M104/$M105),N117*(1+$L104)) -> 11.46 | P117: =IF(P116<$L105+1,O117*(1+(O117-N117)/N117+$M104/$M105),O117*(1+$L104)) -> 11.46 | Q117: =IF(Q116<$L105+1,P117*(1+(P117-O117)/O117+$M104/$M105),P117*(1+$L104)) -> 11.46 | R117: =IF(R116<$L105+1,Q117*(1+(Q117-P117)/P117+$M104/$M105),Q117*(1+$L104)) -> 11.46 | S117: =IF(S116<$L105+1,R117*(1+(R117-Q117)/Q117+$M104/$M105),R117*(1+$L104)) -> 11.46 | T117: =IF(T116<$L105+1,S117*(1+(S117-R117)/R117+$M104/$M105),S117*(1+$L104)) -> 11.46
H118: COGS | J118: =[1]MMHistoricalFinancials!$B$4/1000 -> 8.495 | K118: =K117-K119 -> 11.46 | L118: =L117-L119 -> 11.46 | M118: =M117-M119 -> 11.46 | N118: =N117-N119 -> 11.46 | O118: =O117-O119 -> 11.46 | P118: =P117-P119 -> 11.46 | Q118: =Q117-Q119 -> 11.46 | R118: =R117-R119 -> 11.46 | ... T118: =T117-T119 -> 11.46
H119: Gross Margin | J119: =J117-J118 -> 2.965 | K119: =IF(K116<$L105+1,K117*($M101/$M102+$L100),K117*$L101) -> 0 | L119: =IF(L116<$L105+1,L117*(K119/K117+$M101/$M102),L117*$L101) -> 0 | M119: =IF(M116<$L105+1,M117*(L119/L117+$M101/$M102),M117*$L101) -> 0 | N119: =IF(N116<$L105+1,N117*(M119/M117+$M101/$M102),N117*$L101) -> 0 | O119: =IF(O116<$L105+1,O117*(N119/N117+$M101/$M102),O117*$L101) -> 0 | P119: =IF(P116<$L105+1,P117*(O119/O117+$M101/$M102),P117*$L101) -> 0 | Q119: =IF(Q116<$L105+1,Q117*(P119/P117+$M101/$M102),Q117*$L101) -> 0 | R119: =IF(R116<$L105+1,R117*(Q119/Q117+$M101/$M102),R117*$L101) -> 0 | S119: =IF(S116<$L105+1,S117*(R119/R117+$M101/$M102),S117*$L101) -> 0 | T119: =IF(T116<$L105+1,T117*(S119/S117+$M101/$M102),T117*$L101) -> 0
H120: SG&A | J120: =[1]MMHistoricalFinancials!$B$7/1000 -> 1.592 | K120: =K117*$L112 -> 0 | L120: =L117*$L112 -> 0 | M120: =M117*$L112 -> 0 | N120: =N117*$L112 -> 0 | O120: =O117*$L112 -> 0 | P120: =P117*$L112 -> 0 | Q120: =Q117*$L112 -> 0 | R120: =R117*$L112 -> 0 | ... T120: =T117*$L112 -> 0
H121: Android Ad profit | J121: 0.278 | K121: =IF(K116<$L108+1,J121*(1+$M107/$M108+$L106),J121*(1+$L107)) -> 0.278 | L121: =IF(L116<$L108+1,K121*(1+$M107/$M108+$L106),K121*(1+$L107)) -> 0.278 | M121: =IF(M116<$L108+1,L121*(1+$M107/$M108+$L106),L121*(1+$L107)) -> 0.278 | N121: =IF(N116<$L108+1,M121*(1+$M107/$M108+$L106),M121*(1+$L107)) -> 0.278 | O121: =IF(O116<$L108+1,N121*(1+$M107/$M108+$L106),N121*(1+$L107)) -> 0.278 | P121: =IF(P116<$L108+1,O121*(1+$M107/$M108+$L106),O121*(1+$L107)) -> 0.278 | Q121: =IF(Q116<$L108+1,P121*(1+$M107/$M108+$L106),P121*(1+$L107)) -> 0.278 | R121: =IF(R116<$L108+1,Q121*(1+$M107/$M108+$L106),Q121*(1+$L107)) -> 0.278 | ... T121: =IF(T116<$L108+1,S121*(1+$M107/$M108+$L106),S121*(1+$L107)) -> 0.278
H122: Operating profit | J122: =J119-J120+J121 -> 1.651 | K122: =K119-K120+K121 -> 0.278 | L122: =L119-L120+L121 -> 0.278 | M122: =M119-M120+M121 -> 0.278 | N122: =N119-N120+N121 -> 0.278 | O122: =O119-O120+O121 -> 0.278 | P122: =P119-P120+P121 -> 0.278 | Q122: =Q119-Q120+Q121 -> 0.278 | ... T122: =T119-T120+T121 -> 0.278
H123: Taxes | J123: =J122*$L110 -> 0 | K123: =K122*$L110 -> 0 | L123: =L122*$L110 -> 0 | M123: =M122*$L110 -> 0 | N123: =N122*$L110 -> 0 | O123: =O122*$L110 -> 0 | P123: =P122*$L110 -> 0 | Q123: =Q122*$L110 -> 0 | ... T123: =T122*$L110 -> 0
H124: Profit After Tax | J124: =J122-J123 -> 1.651 | K124: =K122-K123 -> 0.278 | L124: =L122-L123 -> 0.278 | M124: =M122-M123 -> 0.278 | N124: =N122-N123 -> 0.278 | O124: =O122-O123 -> 0.278 | P124: =P122-P123 -> 0.278 | Q124: =Q122-Q123 -> 0.278 | ... T124: =T122-T123 -> 0.278
H125: Discounted Cash Flows | K125: =K124/(1+$L109)^(K116-2010) -> 0.278 | L125: =L124/(1+$L109)^(L116-2010) -> 0.278 | M125: =M124/(1+$L109)^(M116-2010) -> 0.278 | N125: =N124/(1+$L109)^(N116-2010) -> 0.278 | O125: =O124/(1+$L109)^(O116-2010) -> 0.278 | P125: =P124/(1+$L109)^(P116-2010) -> 0.278 | Q125: =Q124/(1+$L109)^(Q116-2010) -> 0.278 | R125: =R124/(1+$L109)^(R116-2010) -> 0.278 | ... T125: =T124/(1+$L109)^(T116-2010) -> 0.278 | U125: =T125/(L109-L111) -> #DIV/0!
H127: Net Present Value | J127: =SUM(J125:U125) -> #DIV/0!
H132: Scenario 2: Hello Moto, goodbye partners (Apple loses in court, Google improves quality/share/margin, partners bolt)
H134: Assumptions:
H135: Motorola Gross Profit Margin (2010) | L135: 0.259 | N135: Base margin from Motorola's prior performance
G136: * | H136: Motorola gross margin (Google's target) | L136: 0.35 | M136: =L136-L135 -> 0.091 | N136: Gap (between Google's new target margin and prior performance)
G137: * | H137: Yr Google Hits Target Motorola Margin | L137: 2020 | M137: =L137-J$116 -> 10 | N137: Years to reach target (straight-line improvement until goal is reached)
H138: Motorola revenue growth rate (2010) | L138: 0.03 | N138: Base sales growth rate from Motorola's prior performance
G139: * | H139: Motorola revenue growth (Google's target) | L139: 0.08 | M139: =L139-L138 -> 0.05 | N139: Gap (between Google's new target revenue growth and prior performance)
G140: * | H140: Yr Motorola target revenue growth reached | L140: 2016 | M140: =L140-J$116 -> 6 | N140: Years to reach target (straight-line improvement until goal is reached)
H141: Android ad revenue growth rate (2010) | L141: =N$50 -> 0
G142: * | H142: Android ad revenue growth (Google target) | L142: =P$44 -> 0 | M142: =L142-L141 -> 0 | N142: Gap (between Google's projected revenue growth and prior performance)
G143: * | H143: Yr Android target growth reached | L143: =P$45 -> 0 | M143: =L143-J$78 -> -2010 | N143: Years to reach target (straight-line improvement until goal is reached)
H144: Discount rate | L144: =S$48 -> 0
H145: Tax rate | L145: =S$49 -> 0
H146: Terminal growth rate | L146: =S$50 -> 0
H147: SG&A % of sales (2010) | L147: =N$51 -> 0
H148: *Key strategic parameters to adjust based on the scenario
J150: Actual | K150: Estimated ==>
J151: 2010 | K151: =J151+1 -> 2011 | L151: =K151+1 -> 2012 | M151: =L151+1 -> 2013 | N151: =M151+1 -> 2014 | O151: =N151+1 -> 2015 | P151: =O151+1 -> 2016 | Q151: =P151+1 -> 2017 | R151: =Q151+1 -> 2018 | ... T151: =S151+1 -> 2020 | U151: Terminal
H152: Revenue | J152: =[1]MMHistoricalFinancials!$B$3/1000 -> 11.46 | K152: =IF(K151<$L140+1,J152*(1+$M139/$M140+$L138),J152*(1+$L139)) -> 11.8993 | L152: =IF(L151<$L140+1,K152*(1+(K152-J152)/J152+$M139/$M140),K152*(1+$L139)) -> 12.454601 | M152: =IF(M151<$L140+1,L152*(1+(L152-K152)/K152+$M139/$M140),L152*(1+$L139)) -> 13.139604 | N152: =IF(N151<$L140+1,M152*(1+(M152-L152)/L152+$M139/$M140),M152*(1+$L139)) -> 13.971779 | O152: =IF(O151<$L140+1,N152*(1+(N152-M152)/M152+$M139/$M140),N152*(1+$L139)) -> 14.973089 | P152: =IF(P151<$L140+1,O152*(1+(O152-N152)/N152+$M139/$M140),O152*(1+$L139)) -> 16.170937 | Q152: =IF(Q151<$L140+1,P152*(1+(P152-O152)/O152+$M139/$M140),P152*(1+$L139)) -> 17.464611 | R152: =IF(R151<$L140+1,Q152*(1+(Q152-P152)/P152+$M139/$M140),Q152*(1+$L139)) -> 18.86178 | S152: =IF(S151<$L140+1,R152*(1+(R152-Q152)/Q152+$M139/$M140),R152*(1+$L139)) -> 20.370723 | T152: =IF(T151<$L140+1,S152*(1+(S152-R152)/R152+$M139/$M140),S152*(1+$L139)) -> 22.000381
H153: COGS | J153: =[1]MMHistoricalFinancials!$B$4/1000 -> 8.495 | K153: =K152-K154 -> 8.7090977 | L153: =L152-L154 -> 9.0021854 | M153: =M152-M154 -> 9.3777352 | N153: =N152-N154 -> 9.8445152 | O153: =O152-O154 -> 10.413784 | P153: =P152-P154 -> 11.099731 | Q153: =Q152-Q154 -> 11.351997 | R153: =R152-R154 -> 12.260157 | ... T153: =T152-T154 -> 14.300247
H154: Gross Margin | J154: =J152-J153 -> 2.965 | K154: =IF(K151<$L140+1,K152*($M136/$M137+$L135),K152*$L136) -> 3.1902023 | L154: =IF(L151<$L140+1,L152*(K154/K152+$M136/$M137),L152*$L136) -> 3.4524153 | M154: =IF(M151<$L140+1,M152*(L154/L152+$M136/$M137),M152*$L136) -> 3.7618685 | N154: =IF(N151<$L140+1,N152*(M154/M152+$M136/$M137),N152*$L136) -> 4.1272634 | O154: =IF(O151<$L140+1,O152*(N154/N152+$M136/$M137),O152*$L136) -> 4.5593057 | P154: =IF(P151<$L140+1,P152*(O154/O152+$M136/$M137),P152*$L136) -> 5.0712057 | Q154: =IF(Q151<$L140+1,Q152*(P154/P152+$M136/$M137),Q152*$L136) -> 6.112614 | R154: =IF(R151<$L140+1,R152*(Q154/Q152+$M136/$M137),R152*$L136) -> 6.6016231 | S154: =IF(S151<$L140+1,S152*(R154/R152+$M136/$M137),S152*$L136) -> 7.129753 | T154: =IF(T151<$L140+1,T152*(S154/S152+$M136/$M137),T152*$L136) -> 7.7001332
...

Sheet SensitivityAnalysis
A33: Two-Way Sensitivity Data of Decision Tree 'Hostile Acq?' (Expected Value of Entire Model)
A34: With Variation of P(DG Creates Value) (L19) and P(Deal Closes) (L18)
C35: P(DG Creates Value) (L19)
C36: 0.3 | D36: 0.32 | E36: 0.34 | F36: 0.36 | G36: 0.38 | H36: 0.4 | I36: 0.42 | J36: 0.44 | K36: 0.46 | L36: 0.48 | M36: 0.5
A37: P(Deal Closes) (L18) | B37: 0.45 | C37: -0.21259261 | D37: -0.21259261 | E37: -0.21259261 | F37: -0.21259261 | G37: -0.21259261 | H37: -0.21259261 | I37: -0.21259261 | J37: -0.21259261 | K37: -0.21259261 | L37: -0.21259261 | M37: -0.21259261
B38: 0.48 | C38: -0.21259261 | D38: -0.21259261 | E38: -0.21259261 | F38: -0.21259261 | G38: -0.21259261 | H38: -0.21259261 | I38: -0.21259261 | J38: -0.21259261 | K38: -0.21259261 | L38: -0.1137536 | M38: 0.12640955
B39: 0.51 | C39: -0.21259261 | D39: -0.21259261 | E39: -0.21259261 | F39: -0.21259261 | G39: -0.21259261 | H39: -0.21259261 | I39: -0.21259261 | J39: -0.049172861 | K39: 0.20600049 | L39: 0.46117384 | M39: 0.71634719
B40: 0.54 | C40: -0.21259261 | D40: -0.21259261 | E40: -0.21259261 | F40: -0.21259261 | G40: -0.21259261 | H40: -0.04463291 | I40: 0.22555064 | J40: 0.49573418 | K40: 0.76591773 | L40: 1.0361013 | M40: 1.3062848
B41: 0.57 | C41: -0.21259261 | D41: -0.21259261 | E41: -0.21259261 | F41: -0.10013375 | G41: 0.18506 | H41: 0.47025374 | I41: 0.75544748 | J41: 1.0406412 | K41: 1.325835 | L41: 1.6110287 | M41: 1.8962225
B42: 0.6 | C42: -0.21259261 | D42: -0.21259261 | E42: 0.084528569 | F42: 0.38473251 | G42: 0.68493645 | H42: 0.98514039 | I42: 1.2853443 | J42: 1.5855483 | K42: 1.8857522 | L42: 2.1859562 | M42: 2.4861601
B43: 0.63 | C43: -0.076043646 | D43: 0.23917049 | E43: 0.55438463 | F43: 0.86959877 | G43: 1.1848129 | H43: 1.500027 | I43: 1.8152412 | J43: 2.1304553 | K43: 2.4456695 | L43: 2.7608836 | M43: 3.0760977
B44: 0.66 | C44: 0.36379202 | D44: 0.69401635 | E44: 1.0242407 | F44: 1.354465 | G44: 1.6846894 | H44: 2.0149137 | I44: 2.345138 | J44: 2.6753624 | K44: 3.0055867 | L44: 3.335811 | M44: 3.6660354
B45: 0.69 | C45: 0.80362768 | D45: 1.1488622 | E45: 1.4940967 | F45: 1.8393313 | G45: 2.1845658 | H45: 2.5298003 | I45: 2.8750349 | J45: 3.2202694 | K45: 3.5655039 | L45: 3.9107385 | M45: 4.255973
B46: 0.72 | C46: 1.2434633 | D46: 1.6037081 | E46: 1.9639528 | F46: 2.3241975 | G46: 2.6844423 | H46: 3.044687 | I46: 3.4049317 | J46: 3.7651764 | K46: 4.1254212 | L46: 4.4856659 | M46: 4.8459106
B47: 0.75 | C47: 1.683299 | D47: 2.0585539 | E47: 2.4338089 | F47: 2.8090638 | G47: 3.1843187 | H47: 3.5595736 | I47: 3.9348286 | J47: 4.3100835 | K47: 4.6853384 | L47: 5.0605933 | M47: 5.4358483

Sheet DatingGame
B1: ©Dating Game©
E3: 0.5 | F3: =_xll.PTreeNodeProbability(treeCalc_1!$F$2,6) -> 0
E4: 0 | F4: =_xll.PTreeNodeValue(treeCalc_1!$F$2,6) -> -29
D5: 0.05 | E5: Chance
D6: 0 | E6: =_xll.PTreeNodeValue(treeCalc_1!$F$2,4) -> -29
E7: 0.5 | F7: =_xll.PTreeNodeProbability(treeCalc_1!$F$2,7) -> 0
E8: 0 | F8: =_xll.PTreeNodeValue(treeCalc_1!$F$2,7) -> -29
C9: =_xll.PTreeNodeDecision(treeCalc_1!$F$2,2) -> FALSE | D9: Chance
C10: -29 | D10: =_xll.PTreeNodeValue(treeCalc_1!$F$2,2) -> -29
E11: 0.5 | F11: =_xll.PTreeNodeProbability(treeCalc_1!$F$2,8) -> 0
E12: 0 | F12: =_xll.PTreeNodeValue(treeCalc_1!$F$2,8) -> -29
D13: =1-D5 -> 0.95 | E13: Chance
D14: 0 | E14: =_xll.PTreeNodeValue(treeCalc_1!$F$2,5) -> -29
E15: 0.5 | F15: =_xll.PTreeNodeProbability(treeCalc_1!$F$2,9) -> 0
E16: 0 | F16: =_xll.PTreeNodeValue(treeCalc_1!$F$2,9) -> -29
C17: Decision
C18: =_xll.PTreeNodeValue(treeCalc_1!$F$2,1) -> 0
E19: 0.5 | F19: =_xll.PTreeNodeProbability(treeCalc_1!$F$2,11) -> 0.005
E20: 0 | F20: =_xll.PTreeNodeValue(treeCalc_1!$F$2,11) -> 0
D21: 0.01 | E21: Chance
D22: 0 | E22: =_xll.PTreeNodeValue(treeCalc_1!$F$2,10) -> 0
E23: 0.5 | F23: =_xll.PTreeNodeProbability(treeCalc_1!$F$2,12) -> 0.005
E24: 0 | F24: =_xll.PTreeNodeValue(treeCalc_1!$F$2,12) -> 0
C25: =_xll.PTreeNodeDecision(treeCalc_1!$F$2,3) -> TRUE | D25: Chance
C26: 0 | D26: =_xll.PTreeNodeValue(treeCalc_1!$F$2,3) -> 0
E27: 0.5 | F27: =_xll.PTreeNodeProbability(treeCalc_1!$F$2,14) -> 0.495
E28: 0 | F28: =_xll.PTreeNodeValue(treeCalc_1!$F$2,14) -> 0
D29: =1-D21 -> 0.99 | E29: Chance
D30: 0 | E30: =_xll.PTreeNodeValue(treeCalc_1!$F$2,13) -> 0
E31: 0.5 | F31: =_xll.PTreeNodeProbability(treeCalc_1!$F$2,15) -> 0.495
E32: 0 | F32: =_xll.PTreeNodeValue(treeCalc_1!$F$2,15) -> 0
H57: Base Case -- Dropped Signal (Stand Alone value excluding cash assets)
H59: Assumptions:
H60: Gross Profit Margin (2010) | L60: 0.259
H61: Gross Profit Margin (Google Target) | L61: =L60 -> 0.259 | M61: =L61-L60 -> 0 | N61: Gap
H62: Discount rate | L62: 0.1
H63: Tax rate | L63: 0.35
H64: Terminal growth rate | L64: 0.03
H65: Revenue Growth rate (2010) | L65: 0.03
H66: Revenue Growth rate (Google Target) | L66: =L65 -> 0.03 | M66: =L66-L65 -> 0 | N66: Gap
H67: Year Google Hits Target Margin | L67: 2020 | M67: =L67-J$72 -> 10 | N67: Years
H68: Year Google Hits Target Revenue Growth | L68: 2020 | M68: =L68-J$72 -> 10 | N68: Years
H69: SG&A % of sales (2010) | L69: =J76/J73 -> #REF!
J71: Actual | K71: Estimated ==>
J72: 2010 | K72: =J72+1 -> 2011 | L72: =K72+1 -> 2012 | M72: =L72+1 -> 2013 | N72: =M72+1 -> 2014 | O72: =N72+1 -> 2015 | P72: =O72+1 -> 2016 | Q72: =P72+1 -> 2017 | R72: =Q72+1 -> 2018 | ... T72: =S72+1 -> 2020 | U72: Terminal
H73: Revenue | J73: =#REF!/1000 -> #REF! | K73: =IF(K72<$L68+1,J73*(1+$M66/$M68+$L65),J73*(1+$L66)) -> #REF! | L73: =IF(L72<$L68+1,K73*(1+(K73-J73)/J73+$M66/$M68),K73*(1+$L66)) -> #REF! | M73: =IF(M72<$L68+1,L73*(1+(L73-K73)/K73+$M66/$M68),L73*(1+$L66)) -> #REF! | N73: =IF(N72<$L68+1,M73*(1+(M73-L73)/L73+$M66/$M68),M73*(1+$L66)) -> #REF! | O73: =IF(O72<$L68+1,N73*(1+(N73-M73)/M73+$M66/$M68),N73*(1+$L66)) -> #REF! | P73: =IF(P72<$L68+1,O73*(1+(O73-N73)/N73+$M66/$M68),O73*(1+$L66)) -> #REF! | Q73: =IF(Q72<$L68+1,P73*(1+(P73-O73)/O73+$M66/$M68),P73*(1+$L66)) -> #REF! | R73: =IF(R72<$L68+1,Q73*(1+(Q73-P73)/P73+$M66/$M68),Q73*(1+$L66)) -> #REF! | S73: =IF(S72<$L68+1,R73*(1+(R73-Q73)/Q73+$M66/$M68),R73*(1+$L66)) -> #REF! | T73: =IF(T72<$L68+1,S73*(1+(S73-R73)/R73+$M66/$M68),S73*(1+$L66)) -> #REF!
H74: COGS | J74: =#REF!/1000 -> #REF! | K74: =K73-K75 -> #REF! | L74: =L73-L75 -> #REF! | M74: =M73-M75 -> #REF! | N74: =N73-N75 -> #REF! | O74: =O73-O75 -> #REF! | P74: =P73-P75 -> #REF! | Q74: =Q73-Q75 -> #REF! | R74: =R73-R75 -> #REF! | ... T74: =T73-T75 -> #REF!
H75: Gross Margin | J75: =J73-J74 -> #REF! | K75: =IF(K72<$L68+1,K73*($M61/$M67+$L60),K73*$L61) -> #REF! | L75: =IF(L72<$L68+1,L73*(K75/K73+$M61/$M67),L73*$L61) -> #REF! | M75: =IF(M72<$L68+1,M73*(L75/L73+$M61/$M67),M73*$L61) -> #REF! | N75: =IF(N72<$L68+1,N73*(M75/M73+$M61/$M67),N73*$L61) -> #REF! | O75: =IF(O72<$L68+1,O73*(N75/N73+$M61/$M67),O73*$L61) -> #REF! | P75: =IF(P72<$L68+1,P73*(O75/O73+$M61/$M67),P73*$L61) -> #REF! | Q75: =IF(Q72<$L68+1,Q73*(P75/P73+$M61/$M67),Q73*$L61) -> #REF! | R75: =IF(R72<$L68+1,R73*(Q75/Q73+$M61/$M67),R73*$L61) -> #REF! | S75: =IF(S72<$L68+1,S73*(R75/R73+$M61/$M67),S73*$L61) -> #REF! | T75: =IF(T72<$L68+1,T73*(S75/S73+$M61/$M67),T73*$L61) -> #REF!
H76: SG&A | J76: =#REF!/1000 -> #REF! | K76: =K73*$L69 -> #REF! | L76: =L73*$L69 -> #REF! | M76: =M73*$L69 -> #REF! | N76: =N73*$L69 -> #REF! | O76: =O73*$L69 -> #REF! | P76: =P73*$L69 -> #REF! | Q76: =Q73*$L69 -> #REF! | R76: =R73*$L69 -> #REF! | ... T76: =T73*$L69 -> #REF!
H77: Operating profit | J77: =J75-J76 -> #REF! | K77: =K75-K76 -> #REF! | L77: =L75-L76 -> #REF! | M77: =M75-M76 -> #REF! | N77: =N75-N76 -> #REF! | O77: =O75-O76 -> #REF! | P77: =P75-P76 -> #REF! | Q77: =Q75-Q76 -> #REF! | ... T77: =T75-T76 -> #REF!
H78: Taxes | J78: =J77*$L63 -> #REF! | K78: =K77*$L63 -> #REF! | L78: =L77*$L63 -> #REF! | M78: =M77*$L63 -> #REF! | N78: =N77*$L63 -> #REF! | O78: =O77*$L63 -> #REF! | P78: =P77*$L63 -> #REF! | Q78: =Q77*$L63 -> #REF! | ... T78: =T77*$L63 -> #REF!
H79: Profit After Tax | J79: =J77-J78 -> #REF! | K79: =K77-K78 -> #REF! | L79: =L77-L78 -> #REF! | M79: =M77-M78 -> #REF! | N79: =N77-N78 -> #REF! | O79: =O77-O78 -> #REF! | P79: =P77-P78 -> #REF! | Q79: =Q77-Q78 -> #REF! | ... T79: =T77-T78 -> #REF!
H80: Discounted Cash Flows | K80: =K79/(1+$L62)^(K72-2006) -> #REF! | L80: =L79/(1+$L62)^(L72-2006) -> #REF! | M80: =M79/(1+$L62)^(M72-2006) -> #REF! | N80: =N79/(1+$L62)^(N72-2006) -> #REF! | O80: =O79/(1+$L62)^(O72-2006) -> #REF! | P80: =P79/(1+$L62)^(P72-2006) -> #REF! | Q80: =Q79/(1+$L62)^(Q72-2006) -> #REF! | R80: =R79/(1+$L62)^(R72-2006) -> #REF! | ... T80: =T79/(1+$L62)^(T72-2006) -> #REF! | U80: =T80/(L62-L64) -> #REF!
H82: Net Present Value | J82: =SUM(J80:U80) -> #REF!
H90: Scenario 1 -- Hello Moto (Google improves quality, expands share, price point)
H92: Assumptions:
H93: Gross Profit Margin (2010) | L93: 0.259
H94: Gross Profit Margin (Google Target) | L94: 0.3 | M94: =L94-L93 -> 0.041 | N94: Gap
H95: Discount rate | L95: 0.1
H96: Tax rate | L96: 0.35
H97: Terminal growth rate | L97: 0.03
H98: Revenue Growth rate (2010) | L98: 0.03
H99: Revenue Growth rate (Google Target) | L99: 0.05 | M99: =L99-L98 -> 0.02 | N99: Gap
H100: Year Google Hits Target Margin | L100: 2015 | M100: =L100-J$72 -> 5 | N100: Years
H101: Year Google Hits Target Revenue Growth | L101: 2015 | M101: =L101-J$72 -> 5 | N101: Years
H102: SG&A % of sales (2010) | L102: =J109/J106 -> #REF!
J104: Actual | K104: Estimated ==>
J105: 2010 | K105: =J105+1 -> 2011 | L105: =K105+1 -> 2012 | M105: =L105+1 -> 2013 | N105: =M105+1 -> 2014 | O105: =N105+1 -> 2015 | P105: =O105+1 -> 2016 | Q105: =P105+1 -> 2017 | R105: =Q105+1 -> 2018 | ... T105: =S105+1 -> 2020 | U105: Terminal
H106: Revenue | J106: =#REF!/1000 -> #REF! | K106: =IF(K105<$L101+1,J106*(1+$M99/$M101+$L98),J106*(1+$L99)) -> #REF! | L106: =IF(L105<$L101+1,K106*(1+(K106-J106)/J106+$M99/$M101),K106*(1+$L99)) -> #REF! | M106: =IF(M105<$L101+1,L106*(1+(L106-K106)/K106+$M99/$M101),L106*(1+$L99)) -> #REF! | N106: =IF(N105<$L101+1,M106*(1+(M106-L106)/L106+$M99/$M101),M106*(1+$L99)) -> #REF! | O106: =IF(O105<$L101+1,N106*(1+(N106-M106)/M106+$M99/$M101),N106*(1+$L99)) -> #REF! | P106: =IF(P105<$L101+1,O106*(1+(O106-N106)/N106+$M99/$M101),O106*(1+$L99)) -> #REF! | Q106: =IF(Q105<$L101+1,P106*(1+(P106-O106)/O106+$M99/$M101),P106*(1+$L99)) -> #REF! | R106: =IF(R105<$L101+1,Q106*(1+(Q106-P106)/P106+$M99/$M101),Q106*(1+$L99)) -> #REF! | S106: =IF(S105<$L101+1,R106*(1+(R106-Q106)/Q106+$M99/$M101),R106*(1+$L99)) -> #REF! | T106: =IF(T105<$L101+1,S106*(1+(S106-R106)/R106+$M99/$M101),S106*(1+$L99)) -> #REF!
H107: COGS | J107: =#REF!/1000 -> #REF! | K107: =K106-K108 -> #REF! | L107: =L106-L108 -> #REF! | M107: =M106-M108 -> #REF! | N107: =N106-N108 -> #REF! | O107: =O106-O108 -> #REF! | P107: =P106-P108 -> #REF! | Q107: =Q106-Q108 -> #REF! | R107: =R106-R108 -> #REF! | ... T107: =T106-T108 -> #REF!
H108: Gross Margin | J108: =J106-J107 -> #REF! | K108: =IF(K105<$L101+1,K106*($M94/$M100+$L93),K106*$L94) -> #REF! | L108: =IF(L105<$L101+1,L106*(K108/K106+$M94/$M100),L106*$L94) -> #REF! | M108: =IF(M105<$L101+1,M106*(L108/L106+$M94/$M100),M106*$L94) -> #REF! | N108: =IF(N105<$L101+1,N106*(M108/M106+$M94/$M100),N106*$L94) -> #REF! | O108: =IF(O105<$L101+1,O106*(N108/N106+$M94/$M100),O106*$L94) -> #REF! | P108: =IF(P105<$L101+1,P106*(O108/O106+$M94/$M100),P106*$L94) -> #REF! | Q108: =IF(Q105<$L101+1,Q106*(P108/P106+$M94/$M100),Q106*$L94) -> #REF! | R108: =IF(R105<$L101+1,R106*(Q108/Q106+$M94/$M100),R106*$L94) -> #REF! | S108: =IF(S105<$L101+1,S106*(R108/R106+$M94/$M100),S106*$L94) -> #REF! | T108: =IF(T105<$L101+1,T106*(S108/S106+$M94/$M100),T106*$L94) -> #REF!
H109: SG&A | J109: =#REF!/1000 -> #REF! | K109: =K106*$L102 -> #REF! | L109: =L106*$L102 -> #REF! | M109: =M106*$L102 -> #REF! | N109: =N106*$L102 -> #REF! | O109: =O106*$L102 -> #REF! | P109: =P106*$L102 -> #REF! | Q109: =Q106*$L102 -> #REF! | R109: =R106*$L102 -> #REF! | ... T109: =T106*$L102 -> #REF!
H110: Operating profit | J110: =J108-J109 -> #REF! | K110: =K108-K109 -> #REF! | L110: =L108-L109 -> #REF! | M110: =M108-M109 -> #REF! | N110: =N108-N109 -> #REF! | O110: =O108-O109 -> #REF! | P110: =P108-P109 -> #REF! | Q110: =Q108-Q109 -> #REF! | ... T110: =T108-T109 -> #REF!
H111: Taxes | J111: =J110*$L96 -> #REF! | K111: =K110*$L96 -> #REF! | L111: =L110*$L96 -> #REF! | M111: =M110*$L96 -> #REF! | N111: =N110*$L96 -> #REF! | O111: =O110*$L96 -> #REF! | P111: =P110*$L96 -> #REF! | Q111: =Q110*$L96 -> #REF! | ... T111: =T110*$L96 -> #REF!
H112: Profit After Tax | J112: =J110-J111 -> #REF! | K112: =K110-K111 -> #REF! | L112: =L110-L111 -> #REF! | M112: =M110-M111 -> #REF! | N112: =N110-N111 -> #REF! | O112: =O110-O111 -> #REF! | P112: =P110-P111 -> #REF! | Q112: =Q110-Q111 -> #REF! | ... T112: =T110-T111 -> #REF!
H113: Discounted Cash Flows | K113: =K112/(1+$L95)^(K105-2006) -> #REF! | L113: =L112/(1+$L95)^(L105-2006) -> #REF! | M113: =M112/(1+$L95)^(M105-2006) -> #REF! | N113: =N112/(1+$L95)^(N105-2006) -> #REF! | O113: =O112/(1+$L95)^(O105-2006) -> #REF! | P113: =P112/(1+$L95)^(P105-2006) -> #REF! | Q113: =Q112/(1+$L95)^(Q105-2006) -> #REF! | R113: =R112/(1+$L95)^(R105-2006) -> #REF! | ... T113: =T112/(1+$L95)^(T105-2006) -> #REF! | U113: =T113/(L95-L97) -> #REF!
H115: Net Present Value | J115: =SUM(J113:U113) -> #REF!

Sheet treeCalc_2
A1: Name | B1: Hostile Acq? | E1: Ptree1 Compatibility | F1: 3 | H1: Output Label | K1: R-Value Ref. | L1: 100
A2: SheetRef | B2: =Scenarios!#REF! -> #REF! | E2: Eval. Function | F2: =_xll.PTreeEvaluate5(B3,$L$11:$L$21,$J$11:$J$21,$K$11:$K$21,$N$11:$N$21,$G$11:$G$21,,L1) -> 8773250
A3: GenInfo | B3: 0,2,1,0,0,Exponential, 0,0,-1,0,-1,-1,.0001 | E3: Creation Version | F3: 6.0.1 | H3: Output Value NF | I3: <NF>
A4: Def. Link | B4: = | E4: Required Version | F4: 5.0.0 | H4: Output Prob NF | I4: Automatic
A5: EXT REFS | B5: 0 | E5: Recommended Version | F5: 5.0.0 | H5: Input Value NF | I5: <NF>
A6: Def. Form | E6: Last Modified By Version | F6: 6.0.1 | H6: Input Prob NF | I6: Automatic
A7: Calc Macro
A8: Highest# | B8: 11
A10: Anchor Cell | B10: Branch Name | C10: bformtype | D10: valformula | E10: pbformula | F10: distribution | G10: cumPayoffFunction | H10: link | I10: ENDNODEFORMULA | J10: VAL | K10: PB | L10: GenInfo | M10: IntRefs | N10: RefRefs | O10: NodeNames | P10: Collapsed
A11: =Scenarios!$C$18 -> 0.98514039 | B11: =B1 -> Hostile Acq? | C11: 0 | I11: DEFAULT | J11: =Scenarios!$B$18 -> 0 | K11: =Scenarios!$B$17 -> 0 | L11: 2,0,0,2,2,3,0,0,0 | M11: 0 | O11: =Scenarios!$C$17 -> Go Hostile! | P11: FALSE
A12: =Scenarios!$D$10 -> 0.98514039 | B12: Go Hostile | C12: 0 | I12: DEFAULT | J12: =Scenarios!$C$10 -> -9.1 | L12: 1,0,0,2,4,5,1,0,0 | M12: 0 | O12: =Scenarios!$D$9 -> Will it close? | P12: FALSE
A13: =Scenarios!$D$22 -> -0.21259261 | B13: Drop Deal | C13: 0 | I13: DEFAULT | J13: =Scenarios!$C$22 -> 0 | L13: 1,0,0,2,10,11,1,0,0 | M13: 0 | O13: =Scenarios!$D$21 -> Rival (DT) Val Created? | P13: FALSE
A14: =Scenarios!$E$6 -> 7.8502957 | B14: Close | C14: 0 | I14: DEFAULT | J14: =Scenarios!$D$6 -> 0 | K14: =Scenarios!$D$5 -> 0.6 | L14: 1,0,0,2,6,7,2,0,0 | M14: 0 | O14: =Scenarios!$E$5 -> DG Value Created? | P14: FALSE
A15: =Scenarios!$E$14 -> -9.3125926 | B15: DT wins | C15: 0 | I15: DEFAULT | J15: =Scenarios!$D$14 -> 0 | K15: =Scenarios!$D$13 -> 0.4 | L15: 1,0,0,2,8,9,2,0,0 | M15: 0 | O15: =Scenarios!$E$13 -> Rival (DT) Val Created? | P15: FALSE
A16: =Scenarios!$F$4 -> 22.860493 | B16: Goals met | C16: 0 | H16: DEFAULT | I16: DEFAULT | J16: =Scenarios!$E$4 -> 31.960493 | K16: =Scenarios!$E$3 -> 0.4 | L16: 4,0,0,0,4,0,0 | M16: 0 | P16: FALSE
A17: =Scenarios!$F$8 -> -2.1565023 | B17: Failed | C17: 0 | H17: DEFAULT | I17: DEFAULT | J17: =Scenarios!$E$8 -> 6.9434977 | K17: =Scenarios!$E$7 -> 0.6 | L17: 4,0,0,0,4,0,0 | M17: 0 | P17: FALSE
A18: =Scenarios!$F$12 -> -9.5580878 | B18: Strong rival | C18: 0 | H18: DEFAULT | I18: DEFAULT | J18: =Scenarios!$E$12 -> -0.45808784 | K18: =Scenarios!$E$11 -> 0.6 | L18: 4,0,0,0,5,0,0 | M18: 0 | P18: FALSE
A19: =Scenarios!$F$16 -> -8.9443498 | B19: Weak rival | C19: 0 | H19: DEFAULT | I19: DEFAULT | J19: =Scenarios!$E$16 -> 0.15565023 | K19: =Scenarios!$E$15 -> 0.4 | L19: 4,0,0,0,5,0,0 | M19: 0 | P19: FALSE
A20: =Scenarios!$E$20 -> -0.45808784 | B20: Strong rival | C20: 0 | H20: DEFAULT | I20: DEFAULT | J20: =Scenarios!$D$20 -> -0.45808784 | K20: =Scenarios!$D$19 -> 0.6 | L20: 4,0,0,0,3,0,0 | M20: 0 | P20: FALSE
A21: =Scenarios!$E$24 -> 0.15565023 | B21: Weak rival | C21: 0 | H21: DEFAULT | I21: DEFAULT | J21: =Scenarios!$D$24 -> 0.15565023 | K21: =Scenarios!$D$23 -> 0.4 | L21: 4,0,0,0,3,0,0 | M21: 0 | P21: FALSE

Sheet treeCalc_1
A1: Name | B1: Dating Game | E1: Ptree1 Compatibility | F1: 3 | H1: Output Label | K1: R-Value Ref. | L1: 100
A2: SheetRef | B2: =DatingGame!#REF! -> #REF! | E2: Eval. Function | F2: =_xll.PTreeEvaluate5(B3,$L$11:$L$25,$J$11:$J$25,$K$11:$K$25,$N$11:$N$25,$G$11:$G$25,,L1) -> 154369
A3: GenInfo | B3: 0,1,1,0,0,Exponential, 0,0,-1,0,-1,-1,.0001 | E3: Creation Version | F3: 5.7.1 | H3: Output Value NF | I3: <NF>
A4: Def. Link | B4: = | E4: Required Version | F4: 5.0.0 | H4: Output Prob NF | I4: Automatic
A5: EXT REFS | B5: 0 | E5: Recommended Version | F5: 5.0.0 | H5: Input Value NF | I5: <NF>
A6: Def. Form | E6: Last Modified By Version | F6: 6.0.1 | H6: Input Prob NF | I6: Automatic
A7: Calc Macro
A8: Highest# | B8: 15
A10: Anchor Cell | B10: Branch Name | C10: bformtype | D10: valformula | E10: pbformula | F10: distribution | G10: cumPayoffFunction | H10: link | I10: ENDNODEFORMULA | J10: VAL | K10: PB | L10: GenInfo | M10: IntRefs | N10: RefRefs | O10: NodeNames | P10: Collapsed
A11: =DatingGame!$C$18 -> 0 | B11: =B1 -> Dating Game | C11: 0 | I11: DEFAULT | J11: =DatingGame!$B$18 -> 0 | K11: =DatingGame!$B$17 -> 0 | L11: 2,0,0,2,2,3,0,0,0 | M11: 0 | O11: =DatingGame!$C$17 -> Decision | P11: FALSE
A12: =DatingGame!$D$10 -> -29 | B12: Online | C12: 0 | I12: DEFAULT | J12: =DatingGame!$C$10 -> -29 | L12: 1,0,0,2,4,5,1,0,0 | M12: 0 | O12: =DatingGame!$D$9 -> Chance | P12: FALSE
A13: =DatingGame!$D$26 -> 0 | B13: Kollege Klub | C13: 0 | I13: DEFAULT | J13: =DatingGame!$C$26 -> 0 | L13: 1,0,0,2,10,13,1,0,0 | M13: 0 | O13: =DatingGame!$D$25 -> Chance | P13: FALSE
A14: =DatingGame!$E$6 -> -29 | B14: Bliss | C14: 0 | I14: DEFAULT | J14: =DatingGame!$D$6 -> 0 | K14: =DatingGame!$D$5 -> 0.05 | L14: 1,0,0,2,6,7,2,0,0 | M14: 0 | O14: =DatingGame!$E$5 -> Chance | P14: FALSE
A15: =DatingGame!$E$14 -> -29 | B15: Everlasting Pain | C15: 0 | I15: DEFAULT | J15: =DatingGame!$D$14 -> 0 | K15: =DatingGame!$D$13 -> 0.95 | L15: 1,0,0,2,8,9,2,0,0 | M15: 0 | O15: =DatingGame!$E$13 -> Chance | P15: FALSE
A16: =DatingGame!$F$4 -> -29 | B16: Stalker | C16: 0 | H16: DEFAULT | I16: DEFAULT | J16: =DatingGame!$E$4 -> 0 | K16: =DatingGame!$E$3 -> 0.5 | L16: 4,0,0,0,4,0,0 | M16: 0 | P16: FALSE
A17: =DatingGame!$F$8 -> -29 | B17: Just friends | C17: 0 | H17: DEFAULT | I17: DEFAULT | J17: =DatingGame!$E$8 -> 0 | K17: =DatingGame!$E$7 -> 0.5 | L17: 4,0,0,0,4,0,0 | M17: 0 | P17: FALSE
A18: =DatingGame!$F$12 -> -29 | B18: Stalker | C18: 0 | H18: DEFAULT | I18: DEFAULT | J18: =DatingGame!$E$12 -> 0 | K18: =DatingGame!$E$11 -> 0.5 | L18: 4,0,0,0,5,0,0 | M18: 0 | P18: FALSE
A19: =DatingGame!$F$16 -> -29 | B19: Just friends | C19: 0 | H19: DEFAULT | I19: DEFAULT | J19: =DatingGame!$E$16 -> 0 | K19: =DatingGame!$E$15 -> 0.5 | L19: 4,0,0,0,5,0,0 | M19: 0 | P19: FALSE
A20: =DatingGame!$E$22 -> 0 | B20: Bliss | C20: 0 | I20: DEFAULT | J20: =DatingGame!$D$22 -> 0 | K20: =DatingGame!$D$21 -> 0.01 | L20: 1,0,0,2,11,12,3,0,0 | M20: 0 | O20: =DatingGame!$E$21 -> Chance | P20: FALSE
A21: =DatingGame!$F$20 -> 0 | B21: Stalker | C21: 0 | H21: DEFAULT | I21: DEFAULT | J21: =DatingGame!$E$20 -> 0 | K21: =DatingGame!$E$19 -> 0.5 | L21: 4,0,0,0,10,0,0 | M21: 0 | P21: FALSE
A22: =DatingGame!$F$24 -> 0 | B22: Just friends | C22: 0 | H22: DEFAULT | I22: DEFAULT | J22: =DatingGame!$E$24 -> 0 | K22: =DatingGame!$E$23 -> 0.5 | L22: 4,0,0,0,10,0,0 | M22: 0 | P22: FALSE
A23: =DatingGame!$E$30 -> 0 | B23: Everlasting Pain | C23: 0 | I23: DEFAULT | J23: =DatingGame!$D$30 -> 0 | K23: =DatingGame!$D$29 -> 0.99 | L23: 1,0,0,2,14,15,3,0,0 | M23: 0 | O23: =DatingGame!$E$29 -> Chance | P23: FALSE
A24: =DatingGame!$F$28 -> 0 | B24: Stalker | C24: 0 | H24: DEFAULT | I24: DEFAULT | J24: =DatingGame!$E$28 -> 0 | K24: =DatingGame!$E$27 -> 0.5 | L24: 4,0,0,0,13,0,0 | M24: 0 | P24: FALSE
A25: =DatingGame!$F$32 -> 0 | B25: Just friends | C25: 0 | H25: DEFAULT | I25: DEFAULT | J25: =DatingGame!$E$32 -> 0 | K25: =DatingGame!$E$31 -> 0.5 | L25: 4,0,0,0,13,0,0 | M25: 0 | P25: FALSE
